 Dungeon Crawl Stone Soup version 0.22-a0-830-gf552829 (webtiles) character file.

1183 robertstho the Grappler (level 8, -3/67 HPs)
             Began as a Ghoul Monk on July 24, 2018.
             Slain by a black bear (5 damage)
             ... on level 8 of the Dungeon.
             The game lasted 00:11:41 (4984 turns).

robertstho the Grappler (Ghoul Monk)                Turns: 4984, Time: 00:11:42

Health: -3/67      AC:  3    Str: 15    XL:     8   Next: 42%
Magic:  7/7        EV: 14    Int:  5    God:
Gold:   156        SH:  0    Dex: 13    Spells: 7/7 levels left

rFire    + . .     SeeInvis .     - Unarmed
rCold    + + .     Gourm    .   (no shield)
rNeg     + + +     Faith    .   a - +1 robe
rPois    ∞         Spirit   .   (no helmet)
rElec    +         Reflect  .   (no cloak)
rCorr    +         Harm     .   (no gloves)
MR       .....                  (no boots)
Stlth    ++........             (no amulet)
HPRegen  0.00/turn              (no ring)
MPRegen  0.10/turn              (no ring)

@: resistant, rotting
A: rotting body, claws 1, carnivore, cold resistance 1, negative energy
resistance 3, inhibited regeneration, torment resistance, unbreathing
a: no special abilities


You were on level 8 of the Dungeon.
You were not hungry.

You visited 2 branches of the dungeon, and saw 9 of its levels.

You collected 534 gold pieces.
You spent 378 gold pieces at shops.

Inventory:

Hand Weapons
 s - a +0 trident
Missiles
 g - 2 javelins (quivered)
 n - 18 sling bullets
 p - 62 bolts
 q - 81 arrows
Armour
 a - a +1 robe (worn)
Jewellery
 v - an uncursed amulet of guardian spirit {unknown}
 w - an uncursed ring of see invisible {unknown}
Wands
 t - a wand of clouds (5)
 y - a wand of random effects (20)
Scrolls
 f - a scroll of blinking {unknown}
 h - 3 scrolls of remove curse
 j - a scroll of enchant armour
 l - 2 scrolls of teleportation {unknown}
 r - 3 scrolls of identify
 u - 3 scrolls of fog
Potions
 c - a potion of resistance
 d - a potion of magic {unknown}
 e - 2 potions of lignification {unknown}
 i - a potion of heal wounds {unknown}
 k - a potion of cancellation
 m - 4 potions of agility {unknown}
 o - a potion of curing
Comestibles
 b - 16 rations


   Skills:
 + Level 4.9 Fighting
 + Level 4.6 Dodging
 - Level 3.9 Stealth
 * Level 9.1 Unarmed Combat


You had 7 spell levels left.
You didn't know any spells.
Your spell library contained the following spells:

 Spells                   Type           Power        Failure   Level  Hunger
 Confuse                  Hex            #.......     85%         3    ####...
 Tukima's Dance           Hex            #.......     85%         3    ####...
 Confusing Touch          Hex            #.....       47%         1    ##.....
 Ensorcelled Hibernation  Hex/Ice        #.....       63%         2    ###....
 Metabolic Englaciation   Hex/Ice        #.........   100%        5    ######.
 Corona                   Hex            #......      47%         1    ##.....
 Petrify                  Tmut/Erth      #.......     99%         4    #####..
 Dazzling Spray           Conj/Hex       #.....       85%         3    ####...
 Gell's Gravitas          Tloc           #.........   85%         3    ####...
 Yara's Violent Unravell  Hex/Tmut       #.........   100%        5    ######.


Dungeon Overview and Level Annotations

Branches:
Dungeon (8/15)             Temple (1/1) D:6
   Lair: D:8-11

Altars:
Ashenzari
Cheibriados
Dithmenos
Elyvilon
Fedhas
Gozag
Hepliaklqana
Kikubaaqudgha
Makhleb
Nemelex Xobeh
Qazlal
Ru
Sif Muna
Trog
Uskayaw
Vehumet
Wu Jian
Yredelemnul
Zin
The Shining One

Shops:
D:6 }

Annotations:
D:5 MrDiskord's ghost, novice DrVM


Innate Abilities, Weirdness & Mutations

Your body is rotting away.
You thrive on raw meat.
You are immune to poison.
You have sharp fingernails.
You are carnivorous and can eat meat at any time.
Your flesh is cold resistant. (rC+)
You are immune to negative energy. (rN+++)
You do not regenerate when monsters are visible.
You are immune to unholy pain and torment.
You can survive without breathing.


Message History

The black bear completely misses you. The black bear barely misses you.
The black bear misses you. The black bear closely misses you.
The black bear claws you.
It was a potion of resistance.
You feel protected. The black bear barely misses you. The black bear claws you.
* * * LOW HITPOINT WARNING * * *
The black bear claws you.
* * * LOW HITPOINT WARNING * * *
The worker ant zombie misses you.
It was a potion of berserk rage.
You cannot raise a blood rage in your lifeless body.
The black bear bites you.
* * * LOW HITPOINT WARNING * * *
The black bear claws you.
* * * LOW HITPOINT WARNING * * *
The black bear misses you. The worker ant zombie bites you.
* * * LOW HITPOINT WARNING * * *
The black bear bites you.
You die...

#.# #.#
######.######
#..........<#
..####.####.#
#.# #.# #.#
#.# ###Z# #.#
#.@.# #.#
#h### #.# ...
..# ###. ..
.. #.. #..


You could see a black bear (berserk) and a worker ant zombie.

Vanquished Creatures
  Menkaure (D:7)
  An ogre (D:4)
  A phantom (D:4)
  A centaur (D:5)
  5 bullfrogs
  A bullfrog zombie (D:7)
  3 hounds
  A jelly (D:5)
  2 orc wizards (D:3)
  An orc priest (D:3)
  A centaur skeleton (D:4)
  Natasha (D:2)
  2 worker ants
  A hound zombie (D:6)
  A howler monkey zombie (D:7)
  3 gnolls (D:2)
  3 adders
  An ooze (D:3)
  An adder skeleton (D:4)
  An adder zombie (D:5)
  4 worms
  A leopard gecko (D:2)
  10 orcs
  3 giant cockroaches
  5 hobgoblins
  4 jackals (D:5)
  A quokka (D:7)
  4 bats
  4 frilled lizards
  2 goblins (D:2)
  A jackal skeleton (D:7)
  A kobold (D:1)
  A leopard gecko zombie (D:3)
  2 rats (D:2)
75 creatures vanquished.

Notes
Turn   | Place    | Note
-------+----------+-------------------------------------------
     0 | D:1      | robertstho the Ghoul Monk began the quest for the Orb.
     0 | D:1      | Reached XP level 1. HP: 19/19 MP: 0/0
   307 | D:1      | Found a sparkling altar of Nemelex Xobeh.
   609 | D:2      | Reached XP level 2. HP: 26/26 MP: 1/1
   615 | D:2      | Reached XP level 3. HP: 19/33 MP: 2/2
   717 | D:2      | Noticed Natasha
   725 | D:2      | Killed Natasha
   725 | D:2      | Reached skill level 4 in Unarmed Combat
   725 | D:2      | Reached XP level 4. HP: 27/40 MP: 3/3
   995 | D:2      | Found a burning altar of Makhleb.
  1633 | D:3      | Reached XP level 5. HP: 18/46 MP: 4/4
  2098 | D:3      | Reached skill level 5 in Unarmed Combat
  2123 | D:3      | Found a faded altar of an unknown god.
  2298 | D:4      | Reached XP level 6. HP: 35/52 MP: 5/5
  2406 | D:4      | Noticed a phantom
  2426 | D:4      | Killed a phantom
  2439 | D:4      | Found a white marble altar of Elyvilon.
  2495 | D:4      | Reached skill level 6 in Unarmed Combat
  2842 | D:4      | Found a shattered altar of Ashenzari.
  2975 | D:5      | Entered Level 5 of the Dungeon
  2981 | D:5      | Reached XP level 7. HP: 57/60 MP: 6/6
  3053 | D:5      | Found a runed gate.
  3053 | D:5      | Found a runed gate.
  3053 | D:5      | Found a runed gate.
  3134 | D:5      | Reached skill level 7 in Unarmed Combat
  3312 | D:5      | Noticed MrDiskord's ghost (novice DrVM)
  3475 | D:6      | Found an ancient bone altar of Kikubaaqudgha.
  3571 | D:6      | Found a staircase to the Ecumenical Temple.
  3579 | Temple   | Entered the Ecumenical Temple
  3761 | D:6      | Found Joym's Gadget Shoppe.
  3772 | D:6      | Bought a wand of clouds (5) for 378 gold pieces
  4037 | D:6      | Found an ornate altar of the Wu Jian Council.
  4037 | D:6      | Found a shadowy altar of Dithmenos.
  4038 | D:6      | Found a sparkling altar of Nemelex Xobeh.
  4361 | D:7      | Reached skill level 8 in Unarmed Combat
  4361 | D:7      | Reached XP level 8. HP: 49/65 MP: 7/7
  4391 | D:7      | Noticed Menkaure
  4398 | D:7      | Killed Menkaure
  4603 | D:7      | Reached skill level 9 in Unarmed Combat
  4709 | D:7      | Found a hazy altar of Hepliaklqana.
  4984 | D:8      | HP: 2/67 [worker ant zombie (3)]
  4984 | D:8      | Slain by a black bear

Vault maps used:
D:1:      elethiomel_arrival_infinity_welcomes_careful_drivers,
          minmay_misc_feat_secret_circle, nemelex_altar_shiori
D:2:      marbit_many_paths, uniq_natasha
D:3:      serial_glass, glass_columns_a, glass_columns_b,
          chequers_ecumenical_altar_lobes, kennysheep_small_spiral
D:4:      elyvilon_altar_5, kennysheep_mini
D:5:      first_ration, ebering_ghost_rock_garden
D:6:      gammafunk_temple_overflow_claw, nicolae_overflow_crystal_walls,
          minmay_temple_entry_enclosed_plants, serial_shops, nicolae_shop_stone,
          minmay_strange_pillars, grunt_ministairs_2
D:7:      kennysheep_mini_moat, corexii_leaking_fountain, uniq_menkaure
D:8:      tgw_xom, kennysheep_okawaru_gauntlet, serial_shops, shop_fountains,
          grunt_pizzeria
Temple:   hc_temple_tempest_star

Skill      XL: |  1  2  3  4  5  6  7  8 |
---------------+-------------------------+-----
Dodging        | 3 4 |  4.6
Unarmed Combat | 4 5 6 8 9 |  9.1
Fighting       | 4 |  4.9
Stealth        | 3 |  3.9

Action                   |  1- 3 |  4- 6 |  7- 9 || total
-------------------------+-------+-------+-------++-------
Melee: Unarmed           |    41 |   152 |   116 ||   309
       Punch             |       |     2 |     4 ||     6
  Use: Scroll            |       |    11 |       ||    11
       Potion            |       |     4 |     3 ||     7
 Stab: Sleeping          |       |     4 |     6 ||    10
  Eat: Chunk             |     6 |    24 |    10 ||    40
Armor: Robe              |     1 |    10 |    12 ||    23
Dodge: Dodged            |    25 |    86 |    89 ||   200

Table legend:
 A = Spawn XP
 B = Non-spawn XP
 C = Spawn XP percentage of total XP
 D = Spawn monster count
 E = Non-spawn monster count
 F = Spawn count percentage of total count
 G = Total turns spent on level
                    A         B        C        D         E        F      G
               +---------+---------+-------+---------+---------+-------+---------
         Total |       0 |    1690 |   0.0 |       0 |      75 |   0.0 |  4984
               +---------+---------+-------+---------+---------+-------+---------
           D:1 |       0 |       4 |   0.0 |       0 |       3 |   0.0 |   593
           D:2 |       0 |      90 |   0.0 |       0 |      13 |   0.0 |   576
           D:3 |       0 |     191 |   0.0 |       0 |      22 |   0.0 |  1018
           D:4 |       0 |     320 |   0.0 |       0 |       9 |   0.0 |   788
           D:5 |       0 |     252 |   0.0 |       0 |      12 |   0.0 |   397
           D:6 |       0 |     281 |   0.0 |       0 |       7 |   0.0 |   793
           D:7 |       0 |     552 |   0.0 |       0 |       9 |   0.0 |   645
               +---------+---------+-------+---------+---------+-------+---------
